 Dungeon Crawl Stone Soup version 0.28-a0-863-g8cecda6153 (webtiles) character file.

Game seed: 9130500703727717484

256 demibob the Twirler (level 5, -2/38 HPs)
             Began as a Demonspawn Gladiator on Nov 19, 2021.
             Slain by a gnoll (7 damage)
             ... on level 4 of the Dungeon.
             The game lasted 00:04:50 (4508 turns).

demibob the Twirler (Demonspawn Gladiator)          Turns: 4508, Time: 00:04:50

Health: -2/38      AC:  5    Str: 14 (16) XL:     5   Next: 92%
Magic:  5/5        EV: 12    Int:  7 (9)  God:
Gold:   159        SH:  0    Dex: 13 (14) Spells: 4/4 levels left

rFire   . . .      SeeInvis .   a - +0 quarterstaff
rCold   + . .      Faith    .   (shield currently unavailable)
rNeg    . . .      Spirit   .   b - +0 leather armour
rPois   .          Reflect  .   c - +0 helmet
rElec   .          Harm     .   (no cloak)
rCorr   .          Rampage  .   j - +0 pair of gloves
Will    .....                   (no boots)
Stlth   +.........              (no amulet)
HPRegen 0.12/turn               C - ring of protection from cold
MPRegen 0.18/turn               (no ring)

@: no status effects
A: magic regeneration
a: no special abilities


You were on level 4 of the Dungeon.
You visited 1 branch of the dungeon, and saw 4 of its levels.

You collected 159 gold pieces.


Innate Abilities, Weirdness & Mutations

You regenerate magic rapidly.


   Skills:
 - Level 2.0 Fighting
 + Level 6.1 Staves
 - Level 1.7 Throwing
 - Level 2.6 Dodging


You had 4 spell levels left.
You didn't know any spells.
Your spell library contained the following spells:

 Spells                   Type           Power      Damage    Failure   Level
 Slow                     Hex            0%         N/A       52%         1
 Passwall                 Tmut/Erth      0%         N/A       65%         2
 Confusing Touch          Hex            0%         N/A       87%         3
 Swiftness                Air            0%         N/A       87%         3
 Vampiric Draining        Necr           0%         2d6       87%         3

Inventory:

Hand Weapons
 a - a +0 quarterstaff (weapon)
Missiles
 d - a throwing net (quivered) {=f}
 e - 30 poisoned darts
Armour
 b - a +0 leather armour (worn)
 c - a +0 helmet (worn)
 j - a +0 pair of gloves (worn)
Jewellery
 C - a ring of protection from cold (left hand)
Scrolls
 h - a scroll of fog
Potions
 f - a potion of brilliance

Dungeon Overview and Level Annotations

Branches:
Dungeon (4/15)
 Temple: D:4-7

Altars:
Ashenzari
Cheibriados
Qazlal
The Shining One

***.###....####....#*************
,,,.........(...........,,,,,,,,,
****###...g##g##........,,*******
* #....#,...........,,* *
#....#*###........,,*
#######....# #.....(..,,*
#.....###..# #g.......,,*
#.....####g#####........,,*
................@.....!.,,*
#.....####..####.#######***
#.....# ##.####.## #.....#
#..#....# #.....# ##.#..†.#
####### #.#....# #.#....#
#......# **** ##.....# *,,,


You could see 2 gnolls.


Message History

A gnoll comes into view. It is wielding a +0 whip.
There are monsters nearby!
The gnoll throws a throwing net.
The throwing net hits you.
You become entangled in the net!
You see here a throwing net {=f}.
You struggle against the net.
You tear a large gash into the net.
A gnoll comes into view. It is wielding a +0 spear.
The gnoll hits you with a +4 vorpal flail!
You rip the net and break free!
The gnoll hits you with a +4 vorpal flail!
* * * LOW HITPOINT WARNING * * *
x2 It was a potion of degeneration.
There was something very wrong with that liquid.
You feel weakened.
You feel dopey.
You feel clumsy.
The gnoll hits you with a +4 vorpal flail!
* * * LOW HITPOINT WARNING * * *
x2
As you read the scroll labelled TEOPPO DI ODAU, it crumbles to dust.
You feel aware of your surroundings.
It was a scroll of magic mapping.
Throw: 2 throwing nets {=f}
Press: ? - help, Q - select action, (/) - cycle Shift-Dir - straight line, f - gnoll
Aim: a gnoll, wielding a +0 whip (61% to hit)
You throw a throwing net {=f}. The throwing net {=f} hits the gnoll.
The gnoll is caught in the net!
The gnoll struggles against the net.
Found 8 sling bullets.
Found a ruby potion.
There is a stone staircase leading down here.
The gnoll hits you from afar with a +0 spear!
You die...

Skill      XL: |  1  2  3  4  5 |
---------------+----------------+-----
Staves         | 3 4 5 6 |  6.1
Fighting       | |  2.0
Throwing       | |  1.7
Dodging        | |  2.6

Action                   |  1- 3 |  4- 6 || total
-------------------------+-------+-------++-------
Melee: Quarterstaff      |   102 |    95 ||   197
Throw: Throwing net      |       |     3 ||     3
  Use: Scroll            |     1 |     4 ||     5
       Potion            |       |     2 ||     2
 Stab: Sleeping          |     1 |       ||     1
Armor: Leather armour    |    27 |    29 ||    56
Dodge: Dodged            |    49 |   103 ||   152

Levels and vault maps discovered:
D:1:      lightli_arrival_chessboard, layout_basic, minivault_24
D:2:      layout_rooms
D:3:      layout_rooms, ashenzari_conservatory_becter,
          mainiacjoe_overflow_cross_hatched, mainiacjoe_overflow_alcove_4,
          chequers_ecumenical_altar_lobes, hangedman_glass_garden,
          solitary_fountain, cheibrodos_gnoll_hut
D:4:      layout_basic, slow_altar_2, uniq_ijyb

Notes
Turn   | Place    | Note
-------+----------+-------------------------------------------
     0 | D:1      | demibob the Demonspawn Gladiator began the quest for the
                  | Orb.
     0 | D:1      | Reached XP level 1. HP: 16/16 MP: 1/1
   278 | D:1      | Reached skill level 3 in Staves
   604 | D:1      | Gained mutation: You regenerate magic rapidly. [demonic
                  | ancestry]
   604 | D:1      | Reached XP level 2. HP: 11/22 MP: 2/2
  1579 | D:2      | Reached XP level 3. HP: 23/27 MP: 3/3
  1658 | D:2      | Reached skill level 4 in Staves
  2359 | D:2      | Reached XP level 4. HP: 29/33 MP: 4/4
  2531 | D:3      | Found a broken altar of Ashenzari.
  2840 | D:3      | Found a stormy altar of Qazlal.
  2992 | D:4      | Reached skill level 5 in Staves
  3245 | D:3      | Reached XP level 5. HP: 28/38 MP: 5/5
  3553 | D:3      | Found a faded altar of an unknown god.
  3977 | D:4      | Found a snail-covered altar of Cheibriados.
  4343 | D:4      | Reached skill level 6 in Staves
  4493 | D:4      | HP: 3/38 [gnoll (1)]
  4508 | D:4      | Slain by a gnoll

Vanquished Creatures
  2 hounds
  A jelly (D:4)
  A bullfrog skeleton (D:4)
  A mummy (D:4)
  A gnoll (D:3)
  5 adders
  4 dart slugs
  3 orcs (D:3)
  4 endoplasms
  3 giant cockroaches
  5 goblins
  5 hobgoblins
  9 jackals
  5 kobolds
  2 quokkas (D:3)
  3 ball pythons
  A bat (D:2)
  2 frilled lizards
  6 rats
63 creatures vanquished.

Table legend: (Time is in decaauts)
 A = Elapsed time spent in this place.
 B = Non-inter-level travel time spent in this place.
 C = Inter-level travel time spent in this place.
 D = Time resting spent in this place.
 E = Time spent auto-exploring this place.
 F = Levels seen in this place.
 G = Mean time per level.
                   A        B        C        D        E       F      G
               +--------+--------+--------+--------+--------+-----+--------+
         Total |   4533 |   4431 |    102 |   1256 |   2659 |   4 | 1133.2 |
       Dungeon |   4533 |   4431 |    102 |   1256 |   2659 |   4 | 1133.2 |
               +--------+--------+--------+--------+--------+-----+--------+

Top non-repeatable levels by time:
     D:1: 1464 daAuts
     D:3: 1229 daAuts
     D:2: 1012 daAuts
     D:4: 826 daAuts

Table legend:
 A = Non-vault XP
 B = Vault XP
 C = Vault XP percentage of total XP
 D = Non-vault monster count
 E = Vault monster count
 F = Vault count percentage of total count
                 A         B        C        D         E       F
            +---------+---------+-------+---------+---------+-------
      Total |     248 |     118 |  32.2 |      59 |       4 |   6.3
            +---------+---------+-------+---------+---------+-------
        D:1 |      32 |       0 |   0.0 |      18 |       0 |   0.0
        D:2 |      66 |       0 |   0.0 |      17 |       0 |   0.0
        D:3 |      67 |      57 |  46.0 |      21 |       2 |   8.7
        D:4 |      83 |      61 |  42.4 |       3 |       2 |  40.0
            +---------+---------+-------+---------+---------+-------
